 Seeded DCSS version 0.30-a0-4-ga7cffc901d (webtiles) character file.

Game seed: 173050984164073074 (custom seed)

1405 voltaire321 the Covered (level 8, 71/71 HPs)
             Began as a Minotaur Fighter on Aug 21, 2022.
             Was a Follower of Makhleb.
             Quit the game on level 5 of the Dungeon.
             The game lasted 00:11:31 (7346 turns).

voltaire321 the Covered (Minotaur Fighter)          Turns: 7346, Time: 00:11:31

Health: 71/71      AC: 13    Str: 22    XL:     8   Next: 42%
Magic:  9/9        EV: 10    Int:  7    God:    Makhleb [*.....]
Gold:   270        SH:  5    Dex:  9    Spells: 7/7 levels left

rFire   . . .      SeeInvis .    m - +1 short sword (speed)
rCold   . . .      Faith    .    c - +0 buckler
rNeg    . . .      Spirit   .    b - +0 scale mail
rPois   .          Reflect  .    (helmet restricted)
rElec   .          Harm     .    y - +2 cloak
rCorr   .          Rampage  .    o - +1 pair of gloves
Will    .....                    (no boots)
Stlth   ..........               (no amulet)
HPRegen 0.21/turn                (no ring)
MPRegen 0.11/turn                (no ring)

@: no status effects
A: horns 2, retaliatory headbutt
a: Renounce Religion


You were on level 5 of the Dungeon.
You worshipped Makhleb.
Makhleb was aware of your devotion.
You visited 1 branch of the dungeon, and saw 6 of its levels.

You collected 270 gold pieces.

Inventory:

Hand Weapons
 a - a +0 rapier
 i - the +9 flail "Mokhuy" {vorpal, *Rage Int+5 Dex+5}
   (You found it on level 2 of the Dungeon)

   It inflicts extra damage upon your enemies.
   Int:       It affects your intelligence (+5).
   Dex:       It affects your dexterity (+5).
   *Rage:     It berserks you when you make melee attacks (+20% chance).
 m - a +1 short sword of speed (weapon)
Armour
 b - a +0 scale mail (worn)
 c - a +0 buckler (worn)
 o - a +1 pair of gloves (worn)
 x - a +0 tower shield
 y - a +2 cloak (worn)
Jewellery
 w - a ring of protection from cold
Wands
 B - a wand of roots (14)
Scrolls
 g - a scroll of enchant armour {unknown}
 h - a scroll of brand weapon {unknown}
 k - 2 scrolls of butterflies {unknown}
 n - 5 scrolls of torment {unknown}
 p - 2 scrolls of poison {unknown}
 q - 6 scrolls of identify {unknown}
 u - a scroll of noise {unknown}
 v - a scroll of silence {unknown}
 A - 2 scrolls of teleportation {unknown}
 C - a scroll of immolation {unknown}
Potions
 d - 2 potions of might
 e - a potion of resistance {unknown}
 f - 2 potions of attraction {unknown}
 j - a potion of heal wounds {unknown}
 l - 6 potions of curing {unknown}
 r - 2 potions of lignification {unknown}
 s - a potion of brilliance {unknown}
 t - 3 potions of ambrosia {unknown}
 z - a potion of cancellation {unknown}
 D - a potion of mutation {unknown}


   Skills:
 + Level 6.3 Fighting
 + Level 5.1 Short Blades
 + Level 6.4 Armour
 + Level 4.4 Dodging
 + Level 6.4 Shields
 + Level 3.1 Invocations


You had 7 spell levels left.
You didn't know any spells.
Your spell library contained the following spells:

 Spells                   Type           Power      Damage    Failure   Level
 Beastly Appendage        Tmut           0%         N/A       82%         1
 Magic Dart               Conj           0%         1d3       82%         1
 Necrotise                Necr           0%         1d4       82%         1
 Shock                    Conj/Air       0%         1d3       82%         1
 Blink                    Tloc           0%         N/A       91%         2
 Call Imp                 Summ           0%         N/A       91%         2
 Poisonous Vapours        Pois/Air       0%         N/A       91%         2
 Wereblood                Tmut           0%         N/A       91%         2
 Mephitic Cloud           Conj/Pois/Air  0%         N/A       99%         3
 Spider Form              Tmut/Pois      0%         N/A       99%         3
 Swiftness                Air            0%         N/A       99%         3
 Vampiric Draining        Necr           0%         2d6       99%         3
 Airstrike                Air            0%         2d(0-16)  100%        4
 Corpse Rot               Necr/Pois/Air  0%         N/A       100%        4
 Agony                    Necr           0%         N/A       100%        5
 Manifold Assault         Tloc           0%         N/A       100%        5
 Storm Form               Tmut/Air       0%         N/A       100%        7


Dungeon Overview and Level Annotations

Branches:
Dungeon (6/15)             Temple (0/1) D:4

Altars:
Dithmenos
Elyvilon
Gozag
Kikubaaqudgha
Makhleb
Nemelex Xobeh
Ru
Uskayaw
Zin

Annotations:
D:6 3 runed translucent doors, frimble's ghost, novice DsEE


Innate Abilities, Weirdness & Mutations

You have a pair of horns on your head.
You reflexively headbutt those who attack you in melee.


Message History

There is an open door here.
There is an open door here.
There is an open door here.
There is an open door here.
There is an open door here.
There is an open door here.
There is an escape hatch in the floor here.
You open the door.
There is an open door here.
There is an open door here.
There is an open door here.
There is an open door here.
There is an open door here.
There is a stone staircase leading up here.
There is an open door here.
Found 3 boomerangs.
Frimble's ghost turns its malevolent gaze towards you.
D - a murky red potion You open the door.
There is an open door here.
You open the door.
Found a quarterstaff.
There is an open door here.
d - 2 potions of might (gained 1)
You open the door.
There is an open door here.
You open the door.
There is an open door here.
There is an open door here.
There is an open door here.
There is an open door here.
There is an open door here.
Could not explore, unopened runed door.
Could not explore, unopened runed door.
There is an open door here.
There is a stone staircase leading up here.
You climb upwards.
There is a stone staircase leading down here.
Search for what [? for help]? chain Are you sure you want to abandon this character and quit the game? (Confirm with "yes".)

~~~~≈~~~≈~.≈#~~...# #.# #
~≈≈≈≈~~~≈≈~≈≈~...## #.# #
~≈≈≈~~~≈≈#≈≈~.#...###############
≈≈#≈≈#~~~#≈≈≈#...................
#≈≈~≈≈≈≈~≈≈~##...................
##.≈~~~≈~≈.##....................
.†##~~.~~##.#.#..################
..####.####.......# #.# #.#
#..........@## #.# #.#
##########...# #.# #.# #.### #.#
#.# #.# #.# #.# #.### #.# #.#
#..<####.## ..### #.#..#<#..#
###############.#..#.##.#####
##.............#...........#


There were no monsters in sight!

Vanquished Creatures
  A steam dragon (D:6)
  3 ogres (D:5)
  3 black bears (D:5)
  A kobold brigand (D:6)
  A necrophage (D:3)
  A scorpion (D:4)
  3 jellies (D:6)
  3 hounds
  2 orc wizards (D:6)
  4 gnolls (D:6)
  11 adders
  2 white imps
  An ufetubus (D:4)
  A worm (D:4)
  13 dart slugs
  17 orcs
  5 endoplasms
  A giant cockroach (D:1)
  10 goblins
  10 hobgoblins
  3 jackals (D:1)
  12 kobolds
  5 ball pythons
  9 bats
  A frilled lizard (D:1)
  4 rats
127 creatures vanquished.

Notes
Turn   | Place    | Note
-------+----------+-------------------------------------------
     0 | D:1      | voltaire321 the Minotaur Fighter began the quest for the
                  | Orb.
     0 | D:1      | Reached XP level 1. HP: 19/19 MP: 0/0
   254 | D:1      | Reached XP level 2. HP: 12/27 MP: 1/1
   573 | D:1      | Reached skill level 1 in Dodging
   683 | D:1      | Reached XP level 3. HP: 31/33 MP: 2/2
   815 | D:1      | You fall into a shaft and drop 1 floor!
   815 | D:2      | Found a shadowy altar of Dithmenos.
   884 | D:2      | Identified the +9 flail "Mokhuy" {vorpal, *Rage Int+5
                  | Dex+5}
   908 | D:3      | Noticed a necrophage
   934 | D:3      | Killed a necrophage
   935 | D:3      | Reached XP level 4. HP: 12/40 MP: 3/3
  1280 | D:4      | Found a staircase to the Ecumenical Temple.
  1357 | D:4      | HP: 2/41 [hound (2)]
  1366 | D:4      | Reached XP level 5. HP: 2/47 MP: 4/4
  2449 | D:3      | Found an ancient bone altar of Kikubaaqudgha.
  2737 | D:3      | Found a faded altar of an unknown god.
  2927 | D:4      | Reached XP level 6. HP: 31/55 MP: 5/5
  3222 | D:4      | Reached skill level 5 in Shields
  3290 | D:4      | Reached skill level 5 in Armour
  3673 | D:4      | Found a burning altar of Makhleb.
  3676 | D:4      | Found a sacrificial altar of Ru.
  3681 | D:4      | Became a worshipper of Makhleb the Destroyer
  3684 | D:4      | Found a hide-covered altar of Uskayaw.
  3684 | D:4      | Found an opulent altar of Gozag.
  3684 | D:4      | Found a sparkling altar of Nemelex Xobeh.
  3690 | D:4      | Found a glowing silver altar of Zin.
  3953 | D:5      | Entered Level 5 of the Dungeon
  4169 | D:5      | Reached skill level 5 in Fighting
  4169 | D:5      | Reached skill level 1 in Invocations
  4386 | D:5      | Reached XP level 7. HP: 33/61 MP: 5/7
  4908 | D:5      | Found a white marble altar of Elyvilon.
  5640 | D:6      | Reached * piety under Makhleb
  5689 | D:6      | Reached XP level 8. HP: 48/70 MP: 8/8
  6176 | D:6      | Reached skill level 5 in Short Blades
  6568 | D:6      | HP: 4/105 [acid (5)]
  7216 | D:6      | Found a runed translucent gate.
  7216 | D:6      | Found a runed translucent gate.
  7216 | D:6      | Found a runed translucent gate.
  7217 | D:6      | Noticed frimble's ghost (novice DsEE)
  7346 | D:5      | Quit the game

Illustrated notes

Levels and vault maps discovered:
D:1:      tarquinn_simple_flora_water_d, layout_loops_ring,
          minmay_tree_intersection
D:2:      layout_basic, basic_altar
D:3:      layout_basic, mainiacjoe_overflow_surrounded_room,
          ebering_ecumenical_altar_hall
D:4:      layout_layer_cave, minitemple, minmay_temple_entry_from_below_b,
          serial_park_tiny_2
D:5:      kennysheep_slugbush, layout_basic, nicolae_elyvilon_peaceful_grove,
          serial_co_window_serial, co_window_corner_a,
          co_window_of_opportunity_a, co_window_paths_a, co_window_paths_a,
          co_window_paths_a, co_window_broadway_c, co_window_broadway_c,
          co_window_2corner, co_window_2corner, glass_columns_b,
          glass_columns_a, glass_columns_c, glass_columns_b, glass_columns_c,
          kennysheep_generic_room_14
D:6:      layout_gridville, gammafunk_ghost_necromancy

Skill      XL: |  1  2  3  4  5  6  7  8 |
---------------+-------------------------+-----
Dodging        | 1 2 3 4 |  4.4
Fighting       | 4 5 6 |  6.3
Shields        | 4 5 6 |  6.4
Armour         | 4 5 6 |  6.4
Short Blades   | 3 4 5 |  5.1
Invocations    | 1 2 3 |  3.1

Action                   |  1- 3 |  4- 6 |  7- 9 || total
-------------------------+-------+-------+-------++-------
Melee: Rapier            |   102 |   222 |     1 ||   325
       Headbutt          |    14 |    42 |    51 ||   107
       Short sword       |       |       |   212 ||   212
       Flail             |       |       |     4 ||     4
Armor: Scale mail        |    48 |   140 |    74 ||   262
Dodge: Dodged            |    37 |   121 |    95 ||   253
Block: Buckler           |    16 |    51 |    45 ||   112

Table legend: (Time is in decaauts)
 A = Elapsed time spent in this place.
 B = Non-inter-level travel time spent in this place.
 C = Inter-level travel time spent in this place.
 D = Time resting spent in this place.
 E = Time spent auto-exploring this place.
 F = Levels seen in this place.
 G = Mean time per level.
                   A        B        C        D        E       F      G
               +--------+--------+--------+--------+--------+-----+--------+
         Total |   7319 |   7195 |    124 |   1479 |   4478 |   6 | 1219.8 |
       Dungeon |   7319 |   7195 |    124 |   1479 |   4478 |   6 | 1219.8 |
               +--------+--------+--------+--------+--------+-----+--------+

Top non-repeatable levels by time:
     D:6: 1838 daAuts
     D:5: 1504 daAuts
     D:4: 1306 daAuts
     D:2: 1005 daAuts
     D:3: 841 daAuts
     D:1: 824 daAuts
